Zxkuqyb, neutral male gnomish Healer ---- --..| ----- -.-.. |...----...| #.......- ----....--....| ---.##.......| ---- ---.........^.--- |... #.......----..-. |............-- ----... ----...).|..... -...........-- |...... |...........* |..---..)....| |.....| -.-.........# --- --......| |.....| ----- ...........- -.....-- --....|--.... -....-.....| |...|.-- --..--|.....#*#..........| --..|.| --- -----.---.-.........-.....------ ---|.|--.---..|h.....k..@hf...................- ---|.||...|........----..---.---....----------- --..|.--............|---...*.| |-.-..--..| |.....%............---.....------.........-- --....------......................*........| --- |..--- --.............-----...|.(..........-- ---- --..---.|......| |..---.<..........| |..| ----.--.-- --- ---.---.--..-- ---- ------ --- -- --- Zxkuqyb the Rhizotomist Experience level: 1 Strength: 9 Dexterity: 9 Constitution: 15 Intelligence: 9 Wisdom: 15 Charisma: 16 Health: 0(14) Energy: 6(6) AC: 0 Gold: 1352 Moves: 2054 Your Inventory: Coins $ - 1352 gold pieces Weapons a - an uncursed +0 scalpel p - an [uncursed +0] runed dagger [elven] (weapon in hand) z - 9 [uncursed +0] darts (in quiver) Armor b - an uncursed burnt +1 pair of leather gloves (being worn) c - an [uncursed] +0 elven mithril-coat (being worn) n - an [uncursed] +0 iron skull cap [orcish helm] (being worn) A - an [uncursed] +0 pair of hard shoes [iron] (being worn) Comestibles J - an [uncursed] orange Scrolls E - an [uncursed] scroll labeled GNIK SISI VLE [of identify] Potions d - 3 uncursed potions of healing e - an uncursed potion of extra healing o - an [uncursed] potion called confusion [of confusion] F - an [uncursed] steamy potion [of gain energy] H - an [uncursed] emerald potion [of hallucination] Wands f - an uncursed wand of sleep (0:2) Tools q - an uncursed stethoscope s - an [uncursed] credit card Gems C - an [uncursed] green gem [turquoise] D - an [uncursed] blue gem [worthless glass] Spells known in the end: Name Level Category Fail Memory a - healing 1 healing 89% [||||||||] b - extra healing 3 healing 100% [||||||||] c - stone to flesh 3 healing 100% [||||||||] Your skills at the end: Fighting Skills Weapon Skills knife [Basic / Expert] Spellcasting Skills healing spells [Basic / Expert] Final Attributes: You were fervently aligned. Hunger level was 1032. Your alignment was 9 / 20. Monster difficulty range was 0 - 2. Level difficulty was 4. You were immune to poison. You were confused. You had infravision. Your luck was zero. You are dead. Vanquished creatures: 2 gnome lords a gnomish wizard a giant ant a floating eye a dwarf a kobold lord 2 rothes a giant bat a wererat an iguana an acid blob a gas spore a hobbit 5 manes 4 giant rats 2 green molds 9 gnomes a gecko 6 jackals a kobold 4 goblins 3 sewer rats 3 grid bugs a bat a lichen a kobold zombie 7 newts 63 creatures vanquished. Voluntary challenges: You were a pacifist. You were illiterate. You used a wielded weapon 1 time. You put on armor 5 times. You never genocided any monsters. You never polymorphed an object. You never changed form. You used no wishes. You never wrote Elbereth's name. You never encountered a bones level. You never used any Sokoban shortcuts. Dungeon overview: The Dungeons of Doom: levels 1 to 3 Level 1 a fountain a long staircase Level 2 a potion shop, a fountain stairs to The Gnomish Mines Level 3 a fountain The Gnomish Mines: levels 3 to 4 Level 3 stairs to The Dungeons of Doom Level 4 <- You were here History has recorded: On T:1 you entered the Dungeons of Doom to retrieve the Amulet of Yendor! On T:385 you reached level 2 of The Dungeons of Doom. On T:1164 you reached level 3 of The Dungeons of Doom. On T:1424 you reached level 1 of The Gnomish Mines. On T:1812 you reached level 2 of The Gnomish Mines. Latest messages: You hear crashing rock. You hear some noises in the distance. J - an orange. You see here a thonged club. Stefania Ferrario bites the gnome. The gnome is killed! The kobold shoots a crossbow bolt! You are hit by a crossbow bolt. The crossbow bolt explodes! The dwarf gets angry! The dwarf is caught in the fireball! You are caught in the fireball! One of your potions of healing boils and explodes! Some of your potions of extra healing boil and explode! One of your milky potions boils and explodes! You feel somewhat dizzy. Your murky potion boils and explodes! You hear the wailing of the Banshee... Your gloves smoulder! You die... Final status: Goodbye Zxkuqyb the Healer... You died in The Gnomish Mines on dungeon level 4 with 321 points, and 1352 pieces of gold, after 2054 moves. You were level 1 with a maximum of 14 hit points when you died.